 Dungeon Crawl Stone Soup version 0.29.1-1-gd02db6906a (webtiles) character file.

Game seed: 18095761279266143152

11 martho the Trooper (level 2, 22/26 HPs)
             Began as a Draconian Fighter on Oct 4, 2022.
             Quit the game on level 1 of the Dungeon.
             The game lasted 00:06:14 (374 turns).

martho the Trooper (Draconian Fighter)               Turns: 374, Time: 00:06:15

Health: 22/26      AC:  4    Str: 18    XL:     2   Next: 17%
Magic:  2/2        EV: 12    Int:  8    God:
Gold:   0          SH:  4    Dex: 10    Spells: 1/1 levels left

rFire   . . .      SeeInvis .   f - +1 dagger (freeze)
rCold   . . .      Faith    .   b - +0 buckler
rNeg    . . .      Spirit   .   (body armour unavailable)
rPois   .          Reflect  .   (helmet restricted)
rElec   .          Harm     .   (no cloak)
rCorr   .          Rampage  .   (no gloves)
Will    .....                   (no boots)
Stlth   +.........              (no amulet)
HPRegen 0.08/turn               (no ring)
MPRegen 0.08/turn               (no ring)

@: no status effects
A: AC +4, unfitting armour, cold-blooded
a: no special abilities


You were on level 1 of the Dungeon.
You visited 1 branch of the dungeon, and saw 1 of its levels.

Inventory:

Hand Weapons
 a - a +0 long sword
 e - a +0 club
 f - a +1 dagger of freezing (weapon)
Armour
 b - a +0 buckler (worn)
Scrolls
 d - a scroll of enchant armour {unknown}
 h - a scroll of vulnerability {unknown}
Potions
 c - 2 potions of might
 g - a potion of curing {unknown}


   Skills:
 + Level 3.5 Fighting
 + Level 2.1 Long Blades
 + Level 2.9 Dodging
 + Level 3.2 Shields


You had one spell level left.
You didn't know any spells.
Your spell library was empty.

Dungeon Overview and Level Annotations

Branches:
Dungeon (1/15)

Altars:


Innate Abilities, Weirdness & Mutations

Your plain brown scales are hard. (AC +4)
You cannot fit into any form of body armour.
You are cold-blooded and may be slowed by cold attacks.


Message History

The jackal closely misses you. The jackal barely misses you.
The jackal bites you but does no damage.
The jackal closely misses you. You block the jackal's attack.
You block the jackal's attack. The jackal closely misses you.
The jackal barely misses you.
The jackal bites you but does no damage.
The jackal barely misses you.
The jackal bites you but does no damage.
The jackal bites you. The jackal closely misses you. The jackal bites you.
The jackal bites you but does no damage.
You block the jackal's attack. The jackal misses you.
You hit the jackal but do no damage.
The jackal bites you but does no damage.
You hit the jackal but do no damage. You block the jackal's attack.
You closely miss the jackal. The jackal barely misses you.
You block the jackal's attack.
You closely miss the jackal.
The jackal bites you but does no damage.
You closely miss the jackal. The jackal bites you.
You hit the jackal but do no damage. You block the jackal's attack. x2
You closely miss the jackal.
Your tail-slap misses the jackal.
The jackal bites you.
You closely miss the jackal. The jackal barely misses you.
You block the jackal's attack.
You hit the jackal. You freeze the jackal.
The jackal is severely wounded.
The jackal completely misses you.
You barely miss the jackal.
The jackal is severely wounded.
The jackal closely misses you.
You hit the jackal. You freeze the jackal.
You kill the jackal!
Found a scroll labelled HEOBRE ARHALINOICH.
You see here a +0 club.
As you open the door, it creaks loudly!
There is an open door here.
Are you sure you want to abandon this character and quit the game? (Confirm with "yes".)

#.#.. .# # #.#.#
.###########
##.#.#####.#........##
#.....................
#>.........#.######.##
#..#.#..)....# #.##
#..#.........# #.##
#..###.......# #.##
#....@.........# #.##
#.####.........# #+##
#.# ###........ #.
#?....... #........
#######


There were no monsters in sight!

Vanquished Creatures
  A giant cockroach (D:1)
  2 goblins (D:1)
  3 hobgoblins (D:1)
  2 jackals (D:1)
  A kobold (D:1)
9 creatures vanquished.

Notes
Turn   | Place    | Note
-------+----------+-------------------------------------------
     0 | D:1      | martho the Draconian Fighter began the quest for the Orb.
     0 | D:1      | Reached XP level 1. HP: 19/19 MP: 1/1
   138 | D:1      | Reached XP level 2. HP: 26/26 MP: 2/2
   143 | D:1      | Found a faded altar of an unknown god.
   374 | D:1      | Quit the game

Illustrated notes

Levels and vault maps discovered:
D:1:      minmay_arrival_jagged, layout_basic, ebering_ecumenical_altar_rust,
          serial_park_tiny_2

Action                   || total
-------------------------++-------
Melee: Long sword        ||    20
       Tailslap          ||     4
       Dagger            ||    15
Armor: Skin              ||    14
Dodge: Dodged            ||    29
Block: Buckler           ||    13
